 Seeded DCSS version 0.29.1-14-g9c671dbff4 (webtiles) character file.

Game seed: 11094052673924796823 (custom seed)

288 tkbsonic5 the Grave Robber (level 6, -1/48 HPs)
             Began as a Meteoran Necromancer on Feb 19, 2023.
             Was an Initiate of Nemelex Xobeh.
             Slain by Grinder (8 damage)
             ... while paralysed by Grinder
             ... on level 4 of the Dungeon.
             The game lasted 00:26:28 (2068 turns).

tkbsonic5 the Grave Robber (Meteoran Necromancer)   Turns: 2068, Time: 00:26:29

Health: -1/48      AC:  6    Str:  9    XL:     6   Next: 88%
Magic:  12/12      EV:  2    Int: 20    God:    Nemelex Xobeh [......]
Gold:   154        SH:  0    Dex: 14    Spells: 1/12 levels left

rFire   . . .      SeeInvis .   j - +3 quarterstaff
rCold   . . .      Faith    .   (shield currently unavailable)
rNeg    . . .      Spirit   .   a - +0 robe
rPois   .          Reflect  .   b - +2 helmet
rElec   .          Harm     .   (no cloak)
rCorr   .          Rampage  .   i - +0 pair of gloves
Will    .....                   (no boots)
Stlth   +.........              (no amulet)
HPRegen 0.16/turn               (no ring)
MPRegen 0.13/turn               (no ring)

@: paralysed, glowing
A: sense surroundings 1, otherworldly, glowing, explore regen
a: Renounce Religion, Draw Escape, Draw Destruction, Draw Summoning


You were on level 4 of the Dungeon.
You worshipped Nemelex Xobeh.
Nemelex Xobeh was noncommittal.
You visited 1 branch of the dungeon, and saw 4 of its levels.
You also visited: Sewer.

You collected 154 gold pieces.

Inventory:

Hand Weapons
 e - a +0 short sword
 f - a +1 whip
 g - a +0 hand axe
 j - a +3 quarterstaff (weapon)
Armour
 a - a +0 robe (worn)
 b - a +2 helmet (worn)
 h - a +0 chain mail
 i - a +0 pair of gloves (worn)
 s - a +0 ring mail
 t - a +0 leather armour
Magical Staves
 c - a staff of cold
Jewellery
 l - an amulet of faith
 o - the ring "Erghueps" {rC+ Will+ Slay-3 Stlth+}
   (You found it on level 2 of the Dungeon)

   [ring of protection from cold]

   Slay:      It affects your accuracy & damage with ranged weapons and melee
   (-3).
   rC:        It protects you from cold.
   Will:      It increases your willpower.
   Stlth:     It makes you more stealthy.
Wands
 n - a wand of flame (24)
Scrolls
 d - 2 scrolls of teleportation
Potions
 k - 2 potions of heal wounds
 m - a potion of flight
 p - a potion of ambrosia {unknown}
 q - a potion of might {unknown}
 r - 2 potions of cancellation
 u - a potion of experience {unknown}


   Skills:
 * Level 2.3 Fighting
 - Level 1.0 Maces & Flails
 - Level 0.2 Armour
 + Level 3.2 Dodging
 - Level 1.4 Stealth
 * Level 1.7 Unarmed Combat
 * Level 3.8 Spellcasting
 + Level 5.1 Necromancy
 * Level 1.9 Transmutations
 + Level 0.7 Ice Magic
 + Level 1.3 Air Magic
 * Level 2.5 Poison Magic
 + Level 0.4 Invocations
 - Level 0.2 Evocations


You had one spell level left.
You knew the following spells:

 Your Spells              Type           Power      Damage    Failure   Level
a - Necrotise             Necr           96%        1d8       1%          1
b - Poisonous Vapours     Pois/Air       22%        N/A       9%          2
c - Vampiric Draining     Necr           24%        2d7       4%          3
d - Spider Form           Tmut/Pois      12%        N/A       16%         3
e - Wereblood             Tmut           11%        N/A       9%          2

Your spell library contained the following spells:

 Spells                   Type           Power      Damage    Failure   Level
 Beastly Appendage        Tmut           22%        N/A       6%          1
 Animate Dead             Necr           24%        N/A       16%         4
 Corpse Rot               Necr/Pois/Air  15%        N/A       36%         4
 Agony                    Necr           24%        N/A       41%         5


Dungeon Overview and Level Annotations

Branches:
Dungeon (4/15) Zot: 540     Sewer (visited)
 Temple: D:4-7

Altars:
Nemelex Xobeh
Uskayaw
Vehumet

Annotations:
D:4 Grinder


Innate Abilities, Weirdness & Mutations

You passively map a small area around you.
You are easily found by Zot.
You glow in the dark.
You regain HP and MP as you explore.


Message History

You hit Grinder but do no damage.
Grinder is moderately wounded.
Your transformation is almost over.
Grinder hits you.
You writhe in agony.
You hit Grinder but do no damage.
Grinder is moderately wounded.
Grinder gestures at you. You resist with some effort.
You closely miss Grinder.
Grinder is heavily wounded.
Grinder misses you.
You hit Grinder but do no damage.
Grinder looks even sicker.
Grinder is heavily wounded.
Grinder barely misses you.
You hit Grinder.
Grinder is severely wounded.
Grinder hits you.
You writhe in agony.
You are too injured to fight recklessly!
You are too injured to fight recklessly!
You are too injured to fight recklessly!
You are too injured to fight recklessly!
You hit Grinder but do no damage.
Grinder is severely wounded.
Grinder completely misses you.
You hit Grinder but do no damage.
Grinder is severely wounded.
Grinder gestures at you.
You suddenly lose the ability to move!
Grinder gestures at you. Pain shoots through your body!
* * * LOW HITPOINT WARNING * * *
Grinder hits you.
* * * LOW HITPOINT WARNING * * *
Your transformation has ended.
Your +3 quarterstaff unmelds from your body.
Your +2 helmet unmelds from your body.
Your +0 pair of gloves unmelds from your body.
Your +0 robe unmelds from your body.
Grinder hits you!
You die...
Your body disappears without additional glow.

* * #.
##.....## .$
#..#.......#...
* *##
..#.......#..
.. *
....._....., ,
## #.......#,
.. #.......#
... #...5.# ...
#.#
#.####@####.# *
* #.
#...........# *
#)#
#######...### *
#..## , #.## *
#.# #.# #.# #.#
###


You could see Grinder (very poisoned).

Vanquished Creatures
  2 jellies (Sewer)
  Jessica (D:2)
  Terence (D:2)
  6 adders
  4 worms
  4 dart slugs
  2 orcs
  4 bats
  14 endoplasms
  5 giant cockroaches
  4 goblins
  4 hobgoblins
  4 jackals (D:2)
  5 kobolds
  3 quokkas (D:1)
  11 ball pythons
  6 frilled lizards
  8 rats
88 creatures vanquished.

Vanquished Creatures (collateral kills)
  A dart slug (D:1)
  2 goblins (D:1)
  2 hobgoblins (D:1)
  2 rats
7 creatures vanquished.

Vanquished Creatures (others)
  3 plants (D:1)
3 creatures vanquished.

Grand Total: 98 creatures vanquished

Notes
Turn   | Place    | Note
-------+----------+-------------------------------------------
     0 | D:1      | tkbsonic5 the Meteoran Necromancer began the quest for the
                  | Orb.
     0 | D:1      | Reached XP level 1. HP: 14/14 MP: 5/5
    45 | D:1      | Reached XP level 2. HP: 22/22 MP: 0/6
   107 | D:1      | Reached skill level 1 in Fighting
   158 | D:1      | Learned a level 2 spell: Poisonous Vapours
   200 | D:1      | Reached XP level 3. HP: 28/28 MP: 5/8
   204 | D:1      | Learned a level 3 spell: Vampiric Draining
   500 | D:1      | Glimpsed the power of Zot.
   567 | D:2      | Reached skill level 1 in Poison Magic
   591 | D:2      | Reached XP level 4. HP: 35/35 MP: 3/9
   702 | D:2      | Reached skill level 1 in Maces & Flails
   781 | D:2      | Learned a level 3 spell: Spider Form
   817 | D:2      | Identified the ring "Erghueps" {rC+ Will+ Slay-3 Stlth+}
   866 | D:2      | Reached XP level 5. HP: 36/40 MP: 3/11
   866 | D:2      | Noticed Terence
   887 | D:2      | Killed Terence
   888 | D:2      | Reached skill level 5 in Necromancy
   888 | D:2      | Reached skill level 1 in Air Magic
   956 | D:2      | Noticed Jessica
   966 | D:2      | Killed Jessica
   967 | D:2      | Reached skill level 1 in Transmutations
  1100 | D:2      | Glimpsed the power of Zot.
  1129 | D:2      | Reached skill level 1 in Unarmed Combat
  1225 | D:3      | Reached XP level 6. HP: 48/48 MP: 10/12
  1257 | D:3      | Learned a level 2 spell: Wereblood
  1289 | D:3      | Found a sparkling altar of Nemelex Xobeh.
  1308 | D:3      | Became a worshipper of Nemelex Xobeh the Trickster
  1652 | D:3      | Found a glowing drain.
  1673 | Sewer    | Entered a sewer
  1837 | Sewer    | Found a viscous altar of Jiyva.
  1908 | D:3      | Glimpsed the power of Zot.
  1921 | D:4      | Found a hide-covered altar of Uskayaw.
  1923 | D:4      | Noticed a +0 dagger
  1926 | D:4      | Noticed a +0 hand axe
  2042 | D:4      | Found a radiant altar of Vehumet.
  2045 | D:4      | Noticed Grinder
  2065 | D:4      | Paralysed by Grinder for 4 turns
  2068 | D:4      | Slain by Grinder

Illustrated notes

Levels and vault maps discovered:
D:1:      minmay_arrival_cross, layout_rooms, serial_forest,
          infiniplex_forest_lined_3, infiniplex_forest_lined_3,
          infiniplex_forest_clump_double, infiniplex_forest_lined_1,
          infiniplex_forest_clump_curved, infiniplex_forest_clump_curved,
          infiniplex_forest_clump_tiny, infiniplex_forest_lined_2
D:2:      layout_basic, uniq_terence, uniq_jessica
D:3:      layout_loops_ring, nemelex_xobeh_ov_fountains_minmay,
          nicolae_gozag_zags_fifth_avenue, portal_sewer_entry_b
D:4:      gammafunk_cloud_chamber, layout_loops_ring, old_standard_altar,
          dancing_weapons_uskayaw, mainiacjoe_overflow_chevrons,
          lightli_corner_chamber, uniq_grinder

Skill      XL: |  1  2  3  4  5  6 |
---------------+-------------------+-----
Spellcasting   | 3 |  3.8
Fighting       | 1 2 |  2.3
Poison Magic   | 1 2 |  2.5
Maces & Flails | 1 |  1.0
Dodging        | 3 |  3.2
Necromancy     | 5 |  5.1
Air Magic      | 1 |  1.3
Transmutations | 1 |  1.9
Unarmed Combat | 1 |  1.7
Armour         | |  0.2
Stealth        | |  1.4
Ice Magic      | |  0.7
Invocations    | |  0.4
Evocations     | |  0.2

Action                   |  1- 3 |  4- 6 || total
-------------------------+-------+-------++-------
Melee: Unarmed           |    11 |    81 ||    92
       Short sword       |     2 |       ||     2
       Whip              |     7 |    11 ||    18
       Quarterstaff      |       |    16 ||    16
 Cast: Necrotise         |    41 |    58 ||    99
       Poisonous Vapours |     4 |    12 ||    16
       Vampiric Draining |       |     3 ||     3
       Spider Form       |       |     9 ||     9
       Wereblood         |       |     2 ||     2
  Use: Scroll            |     4 |     7 ||    11
       Potion            |       |     4 ||     4
Armor: Robe              |     9 |    19 ||    28
       Skin              |       |     7 ||     7
Dodge: Dodged            |    14 |    67 ||    81
